 Dungeon Crawl Stone Soup version 0.31.0-10-gcf4a605ca0 (webtiles) character file.

Game seed: 14152349530440372983

210 PriceMaster the Apothecary (level 5, -2/31 HPs)
             Began as an Octopode Alchemist on Jan 26, 2024.
             Slain by a hobgoblin (4 damage)
             ... led by Robin
             ... on level 2 of the Dungeon.
             The game lasted 00:08:08 (2231 turns).

PriceMaster the Apothecary (Octopode Alchemist)     Turns: 2231, Time: 00:08:09

Health: -2/31      AC:  3    Str:  8 (9)  XL:     5   Next: 88%
Magic:  1/8        EV: 13    Int: 30      God:
Gold:   20         SH:  0    Dex: 11      Spells: 5/8 levels left

rFire   . . .        b - +0 scythe
rCold   . . .        (shield currently unavailable)
rNeg    . . .        (helmet restricted)
rPois   .            i - amulet of magic regeneration
rElec   .            c - ring "Educiyth" {Str+3 Int+6}
rCorr   .            (no ring)
SInv    .            (no ring)
Will    .....        (no ring)
Stlth   +++          (no ring)
HPRegen 0.25/turn    (no ring)
MPRegen 0.51/turn    (no ring)
                     (no ring)

%: no passive effects
@: lethally poisoned (-2 -> -5), weakened
A: almost no armour, amphibious, 8 rings, camouflage 1, gelatinous body 1,
(nimble swimmer 1), tentacles, iridescent scales 1, clever 1
a: no special abilities


You were on level 2 of the Dungeon.
You visited 1 branch of the dungeon, and saw 2 of its levels.

You collected 98 gold pieces.
You spent 78 gold pieces at shops.

Inventory:

Hand Weapons
 b - a +0 scythe (weapon)
 d - a +0 short sword of venom
Jewellery
 c - the ring "Educiyth" (left tentacle) {Str+3 Int+6}
   (You acquired it on level 2 of the Dungeon)

   [ring of intelligence]

   Str+3:     It affects your strength (+3).
   Int+6:     It affects your intelligence (+6).
 i - an amulet of magic regeneration (around mantle)
Potions
 a - a potion of magic


   Skills:
 - Level 2.0 Dodging
 - Level 2.6 Stealth
 - Level 2.0 Spellcasting
 - Level 1.0 Conjurations
 + Level 7.0 Alchemy


You had 5 spell levels left.
You knew the following spells:

 Your Spells              Type           Power      Damage    Failure   Level
a - Sting                 Conj/Alch      100%       1d9       1%          1
b - Mercury Vapours       Alch/Air       48%        N/A       2%          2

Your spell library contained the following spells:

 Spells                   Type           Power      Damage    Failure   Level
 Olgreb's Toxic Radiance  Alch           45%        N/A       4%          4
 Mephitic Cloud           Conj/Alch/Air  19%        N/A       8%          3
 Sticky Flame             Fire/Alch      24%        2d6       19%         4


Dungeon Overview and Level Annotations

Branches:
Dungeon (2/15)

Altars:

Shops:
D:2 [(


Innate Abilities, Weirdness & Mutations

You cannot wear most types of armour.
You are amphibious.
You can wear up to eight rings at the same time.
Your skin changes colour to match your surroundings (Stealth+).
Your rubbery body absorbs attacks. (AC +1, EV +1)
((You are camouflaged when in or above water. (Stealth+)))
You have tentacles for arms and can constrict up to eight enemies at once.
You are partially covered in iridescent scales. (AC +2)
Your mind is acute. (Int +4, Str/Dex -1)


Message History

Your magical effects are unravelling.
You feel magically purged.
Your resistance to elements expires.
Your attacks no longer feel as feeble.
The goblin misses you. The goblin hits you but does no damage.
The goblin hits you with a +0 club. The goblin hits you with a +0 dagger.
* * * LOW HITPOINT WARNING * * *
The hobgoblin hits you but does no damage.
The hobgoblin barely misses you. The goblin hits you with a +0 club.
* * * LOW HITPOINT WARNING * * *
You miss the goblin. You grab the goblin. You constrict the goblin.
You kill the goblin!
The goblin closely misses you. The goblin hits you with a +0 dagger.
* * * LOW HITPOINT WARNING * * *
The goblin hits you with a +0 club.
* * * LOW HITPOINT WARNING * * *
The hobgoblin barely misses you. The hobgoblin closely misses you.
The goblin completely misses you. The goblin hits you but does no damage.
The goblin barely misses you. The goblin hits you with a +0 club.
* * * LOW HITPOINT WARNING * * *
The hobgoblin hits you but does no damage.
Unknown command.
Casting: Mercury Vapours (safe; 2% risk of failure)
Confirm with . or Enter, or press ? or * to list all spells.
You don't know that spell.
Casting: Mercury Vapours (safe; 2% risk of failure)
Confirm with . or Enter, or press ? or * to list all spells.
You don't know that spell.
Casting: Mercury Vapours (safe; 2% risk of failure)
Confirm with . or Enter, or press ? or * to list all spells.
Aiming: Mercury Vapours (safe; 2% risk of failure)
Press: ? - help, Dir - move target, f - you Fumes of mercury billow around yourself!
You are lethally poisoned!
You feel your attacks grow feeble.
The goblin looks even weaker. x2; The goblin looks weaker.
You constrict the goblin.
You kill the goblin!
* * * LOW HITPOINT WARNING * * *
You feel sick. The hobgoblin hits you.
You die...

*,,,,,,* ##......#
##.......##
#.......?.#
#.........#
##.........#
##########..........#
...............g)...#
###............)@g..#
#[###>........ggg..#
*#..##.#.##[.)......#
,##....#.##....)....#
,...................#
####..##.......)...##
###......)........##
..................#
*#..##.........##.##


You could see 2 hobgoblins and 3 goblins.

Vanquished Creatures
  Sigmund (D:2)
  Robin (D:2)
  2 ribbon worms (D:2)
  4 ball pythons
  2 bats
  3 endoplasms (D:1)
  2 giant cockroaches
  7 goblins
  4 hobgoblins
  6 jackals (D:1)
  3 kobolds
  3 quokkas
  3 frilled lizards (D:2)
41 creatures vanquished.

Notes
Turn   | Place    | Note
-------+----------+-------------------------------------------
     0 | D:1      | PriceMaster the Octopode Alchemist began the quest for the
                  | Orb.
     0 | D:1      | Reached XP level 1. HP: 11/11 MP: 3/3
   235 | D:1      | Reached XP level 2. HP: 17/17 MP: 0/5
   301 | D:1      | Reached skill level 4 in Alchemy
   515 | D:1      | Learned a level 2 spell: Mercury Vapours
   522 | D:1      | Reached XP level 3. HP: 21/21 MP: 2/6
  1626 | D:2      | Identified a scroll of acquirement
  1626 | D:2      | Acquired the ring "Educiyth" {Str+3 Int+6}
  1651 | D:2      | Found Inwingol's Weapon Emporium.
  1695 | D:2      | Bought a +0 short sword of venom for 78 gold pieces
  1709 | D:2      | Noticed Robin
  1719 | D:2      | Found Zyudghus's Antique Armour Emporium.
  1880 | D:2      | Noticed Sigmund
  1889 | D:2      | Killed Sigmund
  1890 | D:2      | Reached skill level 6 in Alchemy
  1890 | D:2      | Reached XP level 4. HP: 15/27 MP: 1/7
  1890 | D:2      | Reached XP level 5. HP: 17/31 MP: 1/8
  2210 | D:2      | Gained mutation: You are partially covered in iridescent
                  | scales. (AC +2) [potion of mutation]
  2210 | D:2      | Gained mutation: You are frail. (-10% HP) [potion of
                  | mutation]
  2210 | D:2      | Lost mutation: You are frail. (-10% HP) [potion of
                  | mutation]
  2210 | D:2      | Gained mutation: Your mind is acute. (Int +4, Str/Dex -1)
                  | [potion of mutation]
  2215 | D:2      | Killed Robin
  2221 | D:2      | Reached skill level 7 in Alchemy
  2231 | D:2      | Slain by a hobgoblin

Illustrated notes

Levels and vault maps discovered:
D:1:      dpeg_arrival_chambers_temple_mockup, layout_basic
D:2:      layout_rooms, serial_shops, nicolae_diamond_shop, shop,
          minmay_tetromino_l4, uniq_robin, uniq_sigmund

Skill      XL: |  1  2  3  4  5 |
---------------+----------------+-----
Alchemy        | 4 6 7 |  7.0
Dodging        | |  2.0
Stealth        | |  2.6
Spellcasting   | |  2.0
Conjurations   | |  1.0

Action                     |  1- 3 |  4- 6 || total
---------------------------+-------+-------++-------
  Melee: Unarmed           |    40 |       ||    40
         Constrict         |    14 |     3 ||    17
         Tentacles         |    12 |     2 ||    14
         Short sword       |     1 |       ||     1
         Halberd           |       |    10 ||    10
   Cast: Sting             |    39 |     7 ||    46
         Mercury Vapours   |    17 |    13 ||    30
    Use: Scroll            |     6 |     5 ||    11
         Potion            |     1 |     3 ||     4
 Armour: Skin              |    20 |    33 ||    53
  Dodge: Dodged            |    46 |    43 ||    89
